ORI
UNIVERSITY OF CONNETICUT HUSKIES @ UNIVERSITY OF ALABAMA CRIMSON TIDE
10/15/2045
 
TOP OF THE 1ST
University of Conneticut Huskies batting - Pitching for University of Alabama Crimson Tide : RHP Man-keung Li
Pitching: RHP Man-keung Li
Batting: LHB Jim Upson 0-0: Ball
1-0: Ball
2-0: Called Strike
2-1: Foul Ball, location: 2F
2-2: Foul Ball, location: 2F
2-2: Fly out, F6 (Popup, P, EV 91.9 MPH)
Batting: RHB Bill Stern 0-0: Ball
1-0: Called Strike
1-1: Swinging Strike
1-2: Ball
2-2: Foul Ball, location: 2F
2-2: Ball
3-2: Base on Balls
Batting: LHB Sergei Stefanov 0-0: Ball
1-0: Swinging Strike
1-1: Foul Ball, location: 2F
1-2: Fly out, F9 (Line Drive, 9, EV 95.0 MPH)
Batting: LHB Bill Kovac 0-0: Swinging Strike
0-1: Foul Ball, location: 2F
0-2: Ball
1-2: Foul Ball, location: 2F
1-2: Foul Ball, location: 2F
1-2: Ball
2-2: Ball
3-2: Fly out, F5 (Popup, 5DF, EV 73.8 MPH)
Top of the 1st over - 0 runs, 0 hits, 0 errors, 1 left on base; University of Conneticut 0 - University of Alabama 0
BOTTOM OF THE 1ST
University of Alabama Crimson Tide batting - Pitching for University of Conneticut Huskies : RHP Victor Diaz
Pitching: RHP Victor Diaz
Batting: RHB Bill Begin 0-0: Called Strike
0-1: Ball
1-1: Ball
2-1: Fly out, F9 (Flyball, 9S, EV 86.2 MPH)
Batting: LHB Prince Nunley 0-0: Ball
1-0: Foul Ball, location: 2F
1-1: Foul Ball, location: 2F
1-2: Ball
2-2: Ground out U3 (Groundball, 3, EV 90.6 MPH)
Batting: RHB Rod Johnson 0-0: Called Strike
0-1: Ground out 6-3 (Groundball, 6M, EV 83.8 MPH)
Bottom of the 1st over - 0 runs, 0 hits, 0 errors, 0 left on base; University of Conneticut 0 - University of Alabama 0
TOP OF THE 2ND
University of Conneticut Huskies batting - Pitching for University of Alabama Crimson Tide : RHP Man-keung Li
Batting: RHB Hector Barajas 0-0: Called Strike
0-1: Foul Ball, location: 2F
0-2: Ball
1-2: Foul Ball, location: 2F
1-2: Ball
2-2: Ball
3-2: Reached on error, E2 (Groundball, 15S, EV 67.5 MPH)
Batting: RHB Scott Webb 0-0: Ball
Wild Pitch!
Hector Barajas to third
1-0: SINGLE (Line Drive, 34, EV 106.2 MPH)
Hector Barajas scores
Batting: RHB Alfredo Reguera 0-0: Called Strike
0-1: Swinging Strike
0-2: Ball
1-2: Strikes out looking
Batting: LHB Clint Hanninen 0-0: Ball
Scott Webb is caught stealing 2nd base 2-6
1-0: Ball
2-0: Called Strike
2-1: Fly out, F7 (Flyball, 78M, EV 77.5 MPH)
Top of the 2nd over - 1 run, 1 hit, 1 error, 0 left on base; University of Conneticut 1 - University of Alabama 0
BOTTOM OF THE 2ND
University of Alabama Crimson Tide batting - Pitching for University of Conneticut Huskies : RHP Victor Diaz
Batting: LHB Ben Roth 0-0: Foul Ball, location: 2F
0-1: Ball
1-1: Foul Ball, location: 2F
1-2: Foul Ball, location: 2F
1-2: SOLO HOME RUN (Line Drive, 9LD, EV 90.6 MPH), Distance : 339 ft
Batting: RHB Hugo Chavez 0-0: Ball
1-0: Foul Ball, location: 2F
1-1: Ball
2-1: Ball
3-1: Called Strike
3-2: SOLO HOME RUN (Line Drive, 78XD, EV 108.8 MPH), Distance : 395 ft
Batting: RHB Tan-ming Kwan 0-0: Ground out 6-3 (Groundball, 6MS, EV 82.5 MPH)
Batting: RHB Juan Araiza 0-0: Ball
1-0: Swinging Strike
1-1: Ball
2-1: Foul Ball, location: 2F
2-2: Ball
3-2: Foul Ball, location: 2F
3-2: Base on Balls
Batting: RHB Jorge Maciel 0-0: Ball
1-0: Foul Ball, location: 2F
1-1: Ball
2-1: SINGLE (Groundball, 56, EV 87.5 MPH) (infield hit)
Juan Araiza to second
Batting: RHB Jose Cuellar 0-0: Swinging Strike
0-1: Fly out, F4 (Popup, 4M, EV 60.0 MPH)
Batting: RHB Bill Begin 0-0: Called Strike
0-1: Fly out, F9 (Flyball, 9, EV 88.1 MPH)
Bottom of the 2nd over - 2 runs, 3 hits, 0 errors, 2 left on base; University of Conneticut 1 - University of Alabama 2
TOP OF THE 3RD
University of Conneticut Huskies batting - Pitching for University of Alabama Crimson Tide : RHP Man-keung Li
Batting: RHB Cody Leonard 0-0: Ball
1-0: Fly out, F7 (Flyball, 7S, EV 80.6 MPH)
Batting: LHB Jim Upson 0-0: Called Strike
0-1: Foul Ball, location: 2F
0-2: Ball
1-2: Strikes out swinging
Batting: RHB Bill Stern 0-0: Called Strike
0-1: Ball
1-1: Foul Ball, location: 2F
1-2: Strikes out looking
Top of the 3rd over - 0 runs, 0 hits, 0 errors, 0 left on base; University of Conneticut 1 - University of Alabama 2
BOTTOM OF THE 3RD
University of Alabama Crimson Tide batting - Pitching for University of Conneticut Huskies : RHP Victor Diaz
Batting: LHB Prince Nunley 0-0: Called Strike
0-1: Ball
1-1: Swinging Strike
1-2: Strikes out swinging
Batting: RHB Rod Johnson 0-0: Ball
1-0: Ball
2-0: Called Strike
2-1: SINGLE (Line Drive, 6MD, EV 95.6 MPH)
Batting: LHB Ben Roth 0-0: Called Strike
0-1: DOUBLE (Line Drive, 8RD, EV 95.0 MPH)
Rod Johnson to third
Batting: RHB Hugo Chavez 0-0: Ball
1-0: Ball
2-0: Foul Ball, location: 2F
2-1: Fly out, F3 (Line Drive, 3, EV 70.6 MPH)
Batting: RHB Tan-ming Kwan 0-0: Ball
1-0: Ground out 6-3 (Groundball, 6, EV 84.4 MPH)
Bottom of the 3rd over - 0 runs, 2 hits, 0 errors, 2 left on base; University of Conneticut 1 - University of Alabama 2
TOP OF THE 4TH
University of Conneticut Huskies batting - Pitching for University of Alabama Crimson Tide : RHP Man-keung Li
Batting: LHB Sergei Stefanov 0-0: Ball
1-0: Foul Ball, location: 2F
1-1: SINGLE (Flyball, 9LS, EV 91.2 MPH)
Batting: LHB Bill Kovac 0-0: Foul Ball, location: 2F
0-1: Swinging Strike
0-2: Ball
1-2: Ball
2-2: Foul Ball, location: 2F
2-2: DOUBLE (Line Drive, 8LXD, EV 105.6 MPH)
Sergei Stefanov to third
Pitching: RHP Alejandro Gomez
Batting: RHB Hector Barajas 0-0: Called Strike
0-1: Swinging Strike
0-2: Ball
1-2: Ball
2-2: Ball
3-2: Strikes out swinging
Batting: RHB Scott Webb 0-0: Called Strike
0-1: Ball
1-1: SINGLE (Flyball, 8RS, EV 96.9 MPH)
Sergei Stefanov scores
Bill Kovac to third
Runner from 3rd tries for Home, SAFE, throw by CF to home
Batting: RHB Alfredo Reguera 0-0: Foul Ball, location: 2F
0-1: Ball
1-1: Foul Ball, location: 2F
1-2: Ground out 4-3 (Groundball, 34, EV 103.1 MPH)
Scott Webb to second
Batting: LHB Clint Hanninen 0-0: Called Strike
0-1: Foul Ball, location: 2F
0-2: Strikes out swinging
Top of the 4th over - 2 runs, 3 hits, 0 errors, 1 left on base; University of Conneticut 3 - University of Alabama 2
BOTTOM OF THE 4TH
University of Alabama Crimson Tide batting - Pitching for University of Conneticut Huskies : RHP Victor Diaz
Batting: RHB Juan Araiza 0-0: Ball
1-0: DOUBLE (Line Drive, 9LS, EV 111.2 MPH)
Batting: RHB Jorge Maciel 0-0: Ground out 5-3 (Groundball, 56, EV 104.4 MPH)
Batting: RHB Jose Cuellar 0-0: Ball
1-0: Called Strike
1-1: Ball
2-1: DOUBLE (Groundball, 5L, EV 105.6 MPH)
Juan Araiza scores
Batting: RHB Bill Begin 0-0: Ball
1-0: Ball
2-0: Called Strike
2-1: Ball
3-1: Called Strike
3-2: Base on Balls
Batting: LHB Prince Nunley 0-0: Ball
1-0: Ball
2-0: Foul Ball, location: 2F
2-1: Ball
Wild Pitch!
Jose Cuellar to third
Bill Begin to second
3-1: Swinging Strike
3-2: Base on Balls
Batting: RHB Rod Johnson 0-0: Ball
1-0: Ball
2-0: Ball
3-0: Called Strike
3-1: Fielders Choice at 2nd, 4-6 (Groundball, 4, EV 83.1 MPH)
Jose Cuellar scores
Bill Begin to third
Batting: LHB Ben Roth 0-0: Ball
1-0: Ball
2-0: Ball
3-0: Base on Balls
Rod Johnson to second
Batting: RHB Hugo Chavez 0-0: Ball
Wild Pitch!
Bill Begin scores
Rod Johnson to third
Ben Roth to second
1-0: Called Strike
1-1: Ball
2-1: Ground out 6-3 (Groundball, 6, EV 105.6 MPH)
Bottom of the 4th over - 3 runs, 2 hits, 0 errors, 2 left on base; University of Conneticut 3 - University of Alabama 5
TOP OF THE 5TH
University of Conneticut Huskies batting - Pitching for University of Alabama Crimson Tide : RHP Alejandro Gomez
Batting: RHB Cody Leonard 0-0: Ball
1-0: Ball
2-0: Ball
3-0: Called Strike
3-1: Foul Ball, location: 2F
3-2: Base on Balls
Batting: LHB Jim Upson 0-0: Ball
1-0: Called Strike
1-1: Ball
2-1: Fly out, F5 (Line Drive, 5, EV 72.5 MPH)
Batting: RHB Bill Stern 0-0: Called Strike
0-1: Foul Ball, location: 2F
0-2: Ball
1-2: Foul Ball, location: 2F
1-2: Ball
2-2: Grounds into double play, 4-6-3 (Groundball, 4, EV 101.9 MPH)
Top of the 5th over - 0 runs, 0 hits, 0 errors, 0 left on base; University of Conneticut 3 - University of Alabama 5
BOTTOM OF THE 5TH
University of Alabama Crimson Tide batting - Pitching for University of Conneticut Huskies : RHP Victor Diaz
Pitching: RHP Ayub Shukrani
Batting: RHB Tan-ming Kwan 0-0: Called Strike
0-1: Called Strike
0-2: Strikes out swinging
Batting: RHB Juan Araiza 0-0: Swinging Strike
0-1: SINGLE (Groundball, 4MD, EV 96.2 MPH)
Batting: RHB Jorge Maciel 0-0: Ball
1-0: Ball
2-0: Ball
3-0: Called Strike
3-1: Swinging Strike
3-2: Strikes out swinging
Batting: RHB Jose Cuellar 0-0: Ball
1-0: Fly out, F7 (Line Drive, 7, EV 101.9 MPH)
Bottom of the 5th over - 0 runs, 1 hit, 0 errors, 1 left on base; University of Conneticut 3 - University of Alabama 5
TOP OF THE 6TH
University of Conneticut Huskies batting - Pitching for University of Alabama Crimson Tide : RHP Alejandro Gomez
Batting: LHB Sergei Stefanov 0-0: Ball
1-0: Ball
2-0: Called Strike
2-1: DOUBLE (Line Drive, 89M, EV 94.4 MPH)
Batting: LHB Bill Kovac 0-0: Ball
1-0: Ball
2-0: Swinging Strike
2-1: Ball
3-1: Base on Balls
Batting: RHB Hector Barajas 0-0: Ball
1-0: Called Strike
1-1: Fly out, F7 (Line Drive, 7, EV 95.0 MPH)
Batting: RHB Scott Webb 0-0: Swinging Strike
0-1: Grounds into double play, 6-4-3 (Groundball, 6, EV 99.4 MPH)
Top of the 6th over - 0 runs, 1 hit, 0 errors, 1 left on base; University of Conneticut 3 - University of Alabama 5
BOTTOM OF THE 6TH
University of Alabama Crimson Tide batting - Pitching for University of Conneticut Huskies : RHP Ayub Shukrani
Batting: RHB Bill Begin 0-0: SINGLE (Groundball, 4MD, EV 101.9 MPH)
Batting: LHB Prince Nunley 0-0: Foul Ball, location: 2F
0-1: Fly out, F9 (Flyball, 9LS, EV 86.2 MPH)
Batting: RHB Rod Johnson 0-0: Ball
1-0: Foul Ball, location: 2F
1-1: Foul Ball, location: 2F
1-2: Fly out, F8 (Flyball, 8RD, EV 100.6 MPH)
Batting: LHB Ben Roth 0-0: SINGLE (Line Drive, 8RS, EV 99.4 MPH)
Bill Begin to second
Runner from 2nd tries for 3rd, SAFE, throw by RF made to third
Batting: RHB Hugo Chavez 0-0: Foul Ball, location: 2F
0-1: Fly out, F3 (Popup, 34S, EV 88.1 MPH)
Bottom of the 6th over - 0 runs, 2 hits, 0 errors, 2 left on base; University of Conneticut 3 - University of Alabama 5
TOP OF THE 7TH
University of Conneticut Huskies batting - Pitching for University of Alabama Crimson Tide : RHP Alejandro Gomez
Pitching: RHP Marco Soto
Batting: RHB Alfredo Reguera 0-0: Ball
1-0: Swinging Strike
1-1: Called Strike
1-2: Foul Ball, location: 2F
1-2: Strikes out swinging
Batting: LHB Clint Hanninen 0-0: Ball
1-0: Called Strike
1-1: Foul Ball, location: 2F
1-2: Strikes out swinging
Batting: RHB Cody Leonard 0-0: Ball
1-0: Swinging Strike
1-1: Ground out 5-3 (Groundball, 56S, EV 90.0 MPH)
Top of the 7th over - 0 runs, 0 hits, 0 errors, 0 left on base; University of Conneticut 3 - University of Alabama 5
BOTTOM OF THE 7TH
University of Alabama Crimson Tide batting - Pitching for University of Conneticut Huskies : RHP Ayub Shukrani
Batting: RHB Tan-ming Kwan 0-0: Ball
1-0: Called Strike
1-1: SINGLE (Line Drive, 9S, EV 101.9 MPH)
Batting: RHB Juan Araiza 0-0: Ball
1-0: Sac Bunt to 2L - play at first, batter OUT! 2-4
Tan-ming Kwan to second
Batting: RHB Jorge Maciel 0-0: Called Strike
0-1: Ball
1-1: 2-RUN HOME RUN (Flyball, 78XD, EV 102.5 MPH), Distance : 394 ft
Batting: RHB Jose Cuellar 0-0: Ball
1-0: Ball
2-0: Fly out, F8 (Flyball, 8RM, EV 84.4 MPH)
Batting: RHB Bill Begin 0-0: Called Strike
0-1: Foul Ball, location: 2F
0-2: Strikes out swinging
Bottom of the 7th over - 2 runs, 2 hits, 0 errors, 0 left on base; University of Conneticut 3 - University of Alabama 7
TOP OF THE 8TH
University of Conneticut Huskies batting - Pitching for University of Alabama Crimson Tide : RHP Marco Soto
Batting: LHB Jim Upson 0-0: Called Strike
0-1: Swinging Strike
0-2: Strikes out swinging
Batting: RHB Bill Stern 0-0: SINGLE (Groundball, P, EV 83.8 MPH) (infield hit)
Batting: LHB Sergei Stefanov 0-0: Ball
1-0: Swinging Strike
1-1: Ball
2-1: Ball
3-1: Foul Ball, location: 2F
3-2: Strikes out swinging
Batting: LHB Bill Kovac 0-0: Foul Ball, location: 2F
0-1: SINGLE (Groundball, 34D, EV 100.0 MPH)
Bill Stern to second
Runner from 2nd tries for 3rd, SAFE, no throw by RF
Batting: RHB Hector Barajas 0-0: Fielders Choice at 2nd, 5-4 (Groundball, 56, EV 85.6 MPH)
Top of the 8th over - 0 runs, 2 hits, 0 errors, 2 left on base; University of Conneticut 3 - University of Alabama 7
BOTTOM OF THE 8TH
University of Alabama Crimson Tide batting - Pitching for University of Conneticut Huskies : RHP Ayub Shukrani
Pitching: LHP Matt Bayer
Batting: LHB Prince Nunley 0-0: Ball
1-0: SINGLE (Flyball, 9LS, EV 100.6 MPH)
Batting: RHB Rod Johnson 0-0: Ball
1-0: Ball
2-0: Ball
3-0: Called Strike
3-1: Base on Balls
Prince Nunley to second
Batting: LHB Ben Roth 0-0: Ball
1-0: Ball
2-0: Foul Ball, location: 2F
2-1: SINGLE (Flyball, 56D, EV 93.1 MPH)
Prince Nunley to third
Rod Johnson to second
Batting: RHB Hugo Chavez Balk!
Prince Nunley scores
Rod Johnson to third
Ben Roth to second
0-0: Ball
1-0: Ball
2-0: SINGLE (Groundball, 56D, EV 108.1 MPH)
Rod Johnson scores
Ben Roth to third
Runner from 3rd tries for Home, throw by LF and OUT! 7-2
Hugo Chavez to second
Batting: RHB Tan-ming Kwan 0-0: Called Strike
0-1: Ball
1-1: Foul Ball, location: 2F
1-2: 2-RUN HOME RUN (Flyball, 9D, EV 93.1 MPH), Distance : 346 ft
Pitching: RHP Sherwood Abernethy
Batting: RHB Juan Araiza 0-0: Ball
1-0: Ball
2-0: Foul Ball, location: 2F
2-1: Ball
3-1: Foul Ball, location: 2F
3-2: Base on Balls
Batting: RHB Jorge Maciel 0-0: Ball
1-0: Called Strike
1-1: Ball
Wild Pitch!
Juan Araiza to second
2-1: Fly out, F8 (Line Drive, 8LM, EV 98.8 MPH)
Batting: RHB Jose Cuellar 0-0: SINGLE (Flyball, 4MD, EV 88.8 MPH)
Juan Araiza to third
Runner from 3rd tries for Home, SAFE, throw by CF to home
Batting: RHB Bill Begin Pickoff Throw to First - Error! E1
Jose Cuellar to second
0-0: Ball
1-0: Ball
2-0: Called Strike
2-1: Ball
3-1: Base on Balls
Batting: LHB Prince Nunley 0-0: Swinging Strike
0-1: Foul Ball, location: 2F
0-2: Ball
1-2: Fly out, F6 (Line Drive, 6, EV 72.5 MPH)
Bottom of the 8th over - 5 runs, 5 hits, 1 error, 2 left on base; University of Conneticut 3 - University of Alabama 12
TOP OF THE 9TH
University of Conneticut Huskies batting - Pitching for University of Alabama Crimson Tide : RHP Marco Soto
Batting: RHB Scott Webb 0-0: Swinging Strike
0-1: Swinging Strike
0-2: Ball
1-2: Fly out, F5 (Popup, 5S, EV 84.4 MPH)
Batting: RHB Alfredo Reguera 0-0: Swinging Strike
0-1: DOUBLE (Line Drive, 89D, EV 100.6 MPH)
Pinch Hitting: RHB Juan Vasquez 0-0: Called Strike
0-1: Ball
1-1: Called Strike
1-2: SINGLE (Groundball, 5L, EV 88.8 MPH) (infield hit)
Alfredo Reguera to third
Pinch Hitting: RHB Jorge Dominguez 0-0: Foul Ball, location: 2F
0-1: Ball
1-1: Foul Ball, location: 2F
1-2: Foul Ball, location: 2F
1-2: Foul Ball, location: 2F
1-2: Ball
2-2: Ball
3-2: SINGLE (Groundball, 3D, EV 109.4 MPH)
Alfredo Reguera scores
Juan Vasquez to second
Pitching: RHP Jim Unknown
Batting: LHB Jim Upson 0-0: Called Strike
0-1: Ball
1-1: Ball
2-1: Ball
3-1: Swinging Strike
3-2: Foul Ball, location: 2F
3-2: Foul Ball, location: 2F
3-2: Foul Ball, location: 2F
3-2: Base on Balls
Juan Vasquez to third
Jorge Dominguez to second
Pinch Hitting: SHB Ismael Vega 0-0: Ball
1-0: Ball
2-0: Ball
3-0: Called Strike
3-1: Base on Balls
Juan Vasquez scores
Jorge Dominguez to third
Jim Upson to second
Pinch Hitting: RHB Alejandro Collazo 0-0: Ball
1-0: Ball
2-0: Ball
3-0: Called Strike
3-1: Base on Balls
Jorge Dominguez scores
Jim Upson to third
Ismael Vega to second
Batting: LHB Bill Kovac 0-0: Ball
1-0: Swinging Strike
1-1: Foul Ball, location: 2F
1-2: Fly out, F9 (Line Drive, 9D, EV 85.6 MPH)
Runner from 3rd tags up, SCORES, no throw by RF
Ismael Vega to third
Batting: RHB Hector Barajas 0-0: Called Strike
0-1: Ball
1-1: Fielders Choice at 2nd, 6-4 (Groundball, 6, EV 100.6 MPH)
Top of the 9th over - 4 runs, 3 hits, 0 errors, 2 left on base; University of Conneticut 7 - University of Alabama 12
Wednesday, June 22nd , 2022 - OOTP Baseball 23.4 Build 64